 Dungeon Crawl Stone Soup version 0.26.1-11-gd32895ea62 (webtiles) character file.

Game seed: 16643202682844545391

81 Almogavar the Skirmisher (level 4, -5/38 HPs)
             Began as a Barachi Fighter on May 27, 2021.
             Killed by divine providence
             ... invoked by an orc priest
              (15 damage)
             ... on level 2 of the Dungeon.
             The game lasted 00:02:22 (1025 turns).

Almogavar the Skirmisher (Barachi Fighter)          Turns: 1025, Time: 00:02:22

Health: -5/38      AC:  7    Str: 19    XL:     4   Next: 40%
Magic:  4/4        EV:  7    Int:  8    God:
Gold:   35         SH:  9    Dex: 11    Spells: 3/3 levels left

rFire    . . .     SeeInvis .   a - +0 long sword
rCold    . . .     Faith    .   c - +0 kite shield
rNeg     . . .     Spirit   .   b - +0 scale mail
rPois    .         Reflect  .   (no helmet)
rElec    .         Harm     .   (no cloak)
rCorr    .         Rampage  .   (no gloves)
Will     .....                  (no boots)
Stlth    ..........             (no amulet)
HPRegen  0.12/turn              (no ring)
MPRegen  0.09/turn              (no ring)

@: slow
A: +LOS, swims, slowness 1, strong legs 1
a: Hop


You were on level 2 of the Dungeon.
You visited 1 branch of the dungeon, and saw 2 of its levels.

You collected 35 gold pieces.

Inventory:

Hand Weapons
 a - a +0 long sword (weapon)
Missiles
 j - 19 stones
Armour
 b - a +0 scale mail (worn)
 c - a +0 kite shield (worn)
Scrolls
 e - a scroll of teleportation {unknown}
 f - a scroll of magic mapping
 h - a scroll of identify {unknown}
 i - a scroll of enchant armour {unknown}
 k - a scroll of immolation {unknown}
Potions
 d - a potion of might
 g - 2 potions of curing {unknown}
 l - a potion of haste {unknown}
 m - a potion of attraction {unknown}


   Skills:
 + Level 4.4 Fighting
 + Level 3.5 Long Blades
 + Level 4.1 Armour
 + Level 0.5 Dodging
 + Level 0.3 Stealth
 + Level 3.9 Shields


You had 3 spell levels left.
You didn't know any spells.
Your spell library was empty.

Dungeon Overview and Level Annotations

Branches:
Dungeon (2/15)

Altars:


Innate Abilities, Weirdness & Mutations

You can be seen from farther away. (+LOS)
You can swim through water.
You cover ground slowly.
You can hop short distances.


Message History

You bump into the stone wall.
You feel less confused.
The orc wizard gestures at you while chanting.
You resist with significant effort.
You hit the orc wizard.
You kill the orc wizard!
You have reached level 4!
You feel stronger.
You hit the orc.
The orc is heavily wounded.
The orc hits you with a +0 mace.
* * * LOW HITPOINT WARNING * * *
You block the orc's attack.
You slash the orc!
You kill the orc!
The orc priest barely misses you.
Your shield prevents you from hitting the orc priest.
The orc priest calls down the wrath of Beogh upon you.
Beogh smites you!
You die...

#........ ##..######
##..≈.oo{ #..#
#....... #..# #....oo
#..# ## #(.... $#.##
#. #...≈ .##.# #.
#######... .###.# #.
.........#########..#
#. #.o@........## #.
######.###### #. #.#
###. #.# #... #.#
#.#. #.###### #.#.
#......# #.#.
#.######.# #.#.
#........# #.##


You could see an orc priest.

Vanquished Creatures
  An orc wizard (D:2)
  2 adders (D:2)
  2 leopard geckos
  3 orcs (D:2)
  A giant cockroach (D:1)
  A hobgoblin (D:1)
  4 jackals
  3 kobolds
  7 bats (D:1)
  3 frilled lizards (D:1)
  5 goblins (D:1)
  A rat (D:1)
33 creatures vanquished.

Notes
Turn   | Place    | Note
-------+----------+-------------------------------------------
     0 | D:1      | Almogavar the Barachi Fighter began the quest for the Orb.
     0 | D:1      | Reached XP level 1. HP: 18/18 MP: 1/1
   297 | D:1      | Reached XP level 2. HP: 24/25 MP: 2/2
   713 | D:1      | Reached XP level 3. HP: 30/30 MP: 3/3
  1023 | D:2      | Reached XP level 4. HP: 11/38 MP: 4/4
  1025 | D:2      | Killed from afar by an orc priest

Illustrated notes

Levels and vault maps discovered:
D:1:      lemuel_arrival_cross, layout_basic, hex_medium, minmay_pentomino_t2
D:2:      cheibrodos_pilgrimage, layout_loops_ring, nzn_wu_jian_council_hall,
          nicolae_overflow_crystal_walls, minmay_split_cup_large

Skill      XL: |  1  2  3 |
---------------+----------+-----
Fighting       | 4 |  4.4
Long Blades    | 3 |  3.5
Armour         | 4 |  4.1
Dodging        | |  0.5
Stealth        | |  0.3
Shields        | |  3.9

Action                   |  1- 3 |  4- 6 || total
-------------------------+-------+-------++-------
Melee: Long sword        |   113 |     3 ||   116
  Use: Scroll            |     1 |       ||     1
Armor: Scale mail        |    67 |       ||    67
Dodge: Dodged            |    29 |     1 ||    30
Block: Kite shield       |    61 |     1 ||    62
       Rpst.: Long sword |    10 |       ||    10
